 Dungeon Crawl Stone Soup version 0.20-a0-731-gecde0bf (webtiles) character file.

1799 esteth the Martial Artist (level 8, -3/70 HPs)
             Began as a Centaur Monk on Feb 22, 2017.
             Was a Priest of Wu Jian.
             Slain by a kobold
             ... wielding a +2 vampiric short sword
              (6 damage)
             ... on level 6 of the Dungeon.
             The game lasted 00:16:25 (6967 turns).

esteth the Martial Artist (Centaur Monk)            Turns: 6967, Time: 00:16:26

Health: -3/70      AC:  6    Str: 13    XL:     8   Next: 83%
Magic:  8/8        EV:  7    Int:  9    God:    Wu Jian [***...]
Gold:   299        SH:  0    Dex: 15    Spells: 7/7 levels left

rFire    . . .     SeeInvis .     - Unarmed
rCold    + . .     Gourm    .   g - +0 scale mail (curse)
rNeg     . . .     Faith    .   (no shield)
rPois    .         Spirit   .   (no helmet)
rElec    .         Reflect  .   (no cloak)
rCorr    .         Harm     .   (no gloves)
MR       .....                  (no barding)
Stlth    ..........             e - amulet of magic regeneration
Regen    0.3/turn               (no ring)
MPRegen  0.2/turn               d - ring of protection from cold

@: confused, lethally poisoned (-3 -> -14), very quick
A: hooves 3, deformed body, speed 2, tough skin 3
a: Renounce Religion


You were on level 6 of the Dungeon.
You worshipped Wu Jian.
Wu Jian was most pleased with you.
You were not hungry.

You visited 1 branch of the dungeon, and saw 6 of its levels.

You collected 299 gold pieces.

Inventory:

Armour
 a - a +0 robe
 c - a +0 chain mail
 g - a cursed +0 scale mail (worn)
 m - a +0 leather armour
Jewellery
 d - a ring of protection from cold (left hand)
 e - an amulet of magic regeneration (around neck)
 p - an uncursed ring of ice {unknown}
Wands
 s - a wand of polymorph (13/24)
 y - a wand of digging (10/24)
Scrolls
 f - 3 scrolls of magic mapping
 i - 3 scrolls of teleportation
 l - a scroll of remove curse {unknown}
 z - a scroll of acquirement {unknown}
 A - 2 scrolls of identify
Potions
 n - a potion of ambrosia
 q - a potion of agility {unknown}
 r - a potion of flight {unknown}
 u - a potion of lignification {unknown}
 v - a potion of curing {unknown}
Books
 t - a book of Misfortune

   Spells                             Type                      Level
   a - Confusing Touch                Hexes                        1
   b - Confuse                        Hexes                        3
   c - Gell's Gravitas                Translocation                3
   d - Petrify                        Transmutation/Earth          4
   e - Metabolic Englaciation         Hexes/Ice                    5
   f - Yara's Violent Unravelling     Hexes/Transmutation          5
Comestibles
 b - 4 bread rations
 k - 2 royal jellies
 o - a meat ration
 w - 5 fruits
 x - 4 chunks of flesh


   Skills:
 + Level 5.9 Fighting
 + Level 2.3 Armour
 - Level 2.1 Dodging
 - Level 1.1 Stealth
 - Level 10.1 Unarmed Combat


You had 7 spell levels left.
You didn't know any spells.

Dungeon Overview and Level Annotations

Branches:
Dungeon (6/15)             Temple (0/1) D:6

Altars:
Cheibriados
Dithmenos
Hepliaklqana
Makhleb
Qazlal
Sif Muna
Vehumet
Wu Jian
The Shining One


Innate Abilities, Weirdness & Mutations

You have hooves in place of feet.
Armour fits poorly on your strangely shaped body.
You cover ground very quickly.
You have extremely tough skin. (AC +3)


Message History

The kobold hits you with a vampiric short sword.
* * * LOW HITPOINT WARNING * * *
It was a potion of cancellation.
Your magical effects are unravelling.
You feel magically purged.
You feel less invigorated.
You feel less confused.
* * * LOW HITPOINT WARNING * * *
You feel sick. The kobold hits you but does no damage.
It was a potion of magic.
Magic courses through your body.
* * * LOW HITPOINT WARNING * * *
You feel sick. The ooze hits you.
* * * LOW HITPOINT WARNING * * *
The kobold hits you with a vampiric short sword.
* * * LOW HITPOINT WARNING * * *
You are confused.
You feel invigorated.
* * * LOW HITPOINT WARNING * * *
You feel sick. The ooze barely misses you.
The kobold hits you with a vampiric short sword.
You die...

########...###.
#(..)..........
#.##K.⌠..>..⌠..
#)#.K..........
#.#(.###...####
#.#(## #.⌠.#
#####.#†.###...# #
#..†).###(##.#.####
#.@K..# #K##.......
#..J..# #.########.
#..)...(..# #K# #.
#.###.....# #.# #.
#._.###


KK. #. #.... ... #. ##.... ..... #. #.... ..... #. #....#...... #. You could see
an ooze and a kobold.

Vanquished Creatures
  Edmund (D:5)
  A water moccasin (D:6)
  An ice beast (D:5)
  An orc warrior (D:6)
  2 phantoms (D:5)
  Blork the orc (D:6)
  A big kobold (D:6)
  A bullfrog (D:6)
  A scorpion (D:4)
  3 howler monkeys
  4 crimson imps (D:5)
  A bullfrog zombie (D:5)
  A centaur zombie (D:5)
  2 hounds (D:4)
  2 orc priests
  7 orc wizards
  Terence (D:2)
  Jessica (D:3)
  Ijyb (D:3)
  2 worker ants
  A hound skeleton (D:4)
  7 adders
  An ooze (D:2)
  3 worms (D:2)
  4 dart slugs
  3 leopard geckos
  24 orcs
  5 bats
  2 giant cockroaches
  4 goblins
  4 hobgoblins
  8 jackals
  A quokka (D:3)
  5 frilled lizards
  17 kobolds
  A quokka skeleton (D:4)
  A quokka zombie (D:5)
  2 rats
128 creatures vanquished.

Notes
Turn   | Place    | Note
-------+----------+-------------------------------------------
     0 | D:1      | esteth the Centaur Monk began the quest for the Orb.
     0 | D:1      | Reached XP level 1. HP: 19/19 MP: 1/1
   386 | D:1      | Reached XP level 2. HP: 25/26 MP: 2/2
   649 | D:1      | Reached skill level 4 in Unarmed Combat
   823 | D:2      | Reached XP level 3. HP: 14/31 MP: 3/3
  1199 | D:2      | Found a radiant altar of Vehumet.
  1562 | D:2      | Found a glowing golden altar of the Shining One.
  1575 | D:2      | Reached XP level 4. HP: 30/38 MP: 4/4
  1985 | D:3      | Noticed Terence
  2016 | D:2      | Killed Terence
  2016 | D:2      | Reached skill level 5 in Unarmed Combat
  2298 | D:3      | Found a shadowy altar of Dithmenos.
  2377 | D:3      | Noticed Jessica
  2384 | D:3      | Killed Jessica
  2443 | D:3      | Reached skill level 6 in Unarmed Combat
  2443 | D:3      | Reached XP level 5. HP: 20/45 MP: 5/5
  2683 | D:3      | Found a stormy altar of Qazlal.
  2834 | D:3      | Noticed Ijyb
  2851 | D:3      | Killed Ijyb
  3018 | D:3      | Found an ornate altar of the Wu Jian Council.
  3022 | D:3      | Became a worshipper of the Wu Jian Council
  3022 | D:3      | Reached * piety under Wu Jian
  3022 | D:3      | Reached ** piety under Wu Jian
  3723 | D:4      | Reached XP level 6. HP: 31/52 MP: 6/6
  3730 | D:4      | HP: 2/52 [something/puff of flame (9)]
  4194 | D:4      | Found a burning altar of Makhleb.
  4442 | D:4      | Reached skill level 7 in Unarmed Combat
  4800 | D:4      | Found a deep blue altar of Sif Muna.
  4911 | D:5      | Entered Level 5 of the Dungeon
  4930 | D:5      | Reached XP level 7. HP: 57/60 MP: 7/7
  4973 | D:5      | Noticed Edmund
  5010 | D:5      | Killed Edmund
  5213 | D:5      | Reached skill level 8 in Unarmed Combat
  5580 | D:5      | Reached skill level 9 in Unarmed Combat
  5580 | D:5      | Reached XP level 8. HP: 55/67 MP: 8/8
  5608 | D:5      | Found a hazy altar of Hepliaklqana.
  6040 | D:5      | Reached *** piety under Wu Jian
  6276 | D:6      | Reached skill level 10 in Unarmed Combat
  6298 | D:6      | Found a staircase to the Ecumenical Temple.
  6323 | D:6      | Noticed Blork the orc
  6333 | D:6      | Killed Blork the orc
  6334 | D:6      | Reached skill level 5 in Fighting
  6334 | D:6      | Reached skill level 1 in Armour
  6946 | D:6      | Found a snail-covered altar of Cheibriados.
  6966 | D:6      | HP: 1/70 [kobold/vampiric short sword (3)]
  6967 | D:6      | Slain by a kobold

Vault maps used:
D:1:      dpeg_arrival_leaves_temple_mockup, minmay_misc_feat_pillars
D:2:      old_standard_altar, lemuel_crystal_altar
D:3:      overflow_temple_1_default, nicolae_dithmenos_shadow_blocks,
          lemuel_crystal_altar, uniq_jessica, uniq_iyjb, uniq_terence
D:4:      makhleb_heckhound_becter, old_standard_altar, first_bread
D:5:      lemuel_doored_altar, uniq_edmund
D:6:      cheibriados_altar_1, nemelex_altar_shiori,
          minmay_temple_entry_junction, xom_redecorated, uniq_blork_the_orc

Skill      XL: |  1  2  3  4  5  6  7  8 |
---------------+-------------------------+-----
Unarmed Combat | 4 6 7 9 10 | 10.1
Fighting       | 4 5 |  5.9
Armour         | 2 |  2.3
Dodging        | |  2.1
Stealth        | |  1.1

Action                   |  1- 3 |  4- 6 |  7- 9 || total
-------------------------+-------+-------+-------++-------
Melee: Unarmed           |    99 |   257 |   270 ||   626
       Kick              |    22 |    47 |    53 ||   122
       Punch             |     1 |     2 |     6 ||     9
  Use: Scroll            |     1 |     5 |       ||     6
       Potion            |     1 |     1 |     4 ||     6
  Eat: Chunk             |     1 |     5 |     6 ||    12
       Bread ration      |       |     1 |       ||     1
Armor: Robe              |    15 |       |       ||    15
       Leather armour    |     2 |     8 |       ||    10
       Scale mail        |       |   101 |    70 ||   171
Dodge: Dodged            |    53 |    80 |    72 ||   205
